3L
PANAMA CITY PIRANHAS @ MONTANA PANDAS
09/13/2038
 
TOP OF THE 1ST
Panama City Piranhas batting - Pitching for Montana Pandas : LHP Gerald Orlebar
Pitching: LHP Gerald Orlebar
Batting: RHB David Austin 0-0: Swinging Strike
0-1: Ball
1-1: Swinging Strike
1-2: Strikes out looking
Batting: SHB Ben Boston 0-0: Ball
1-0: Called Strike
1-1: Foul Ball, location: 2F
1-2: Ball
2-2: Foul Ball, location: 2F
2-2: Ball
3-2: Foul Ball, location: 2F
3-2: SINGLE (Line Drive, 78M, EV 97.5 MPH)
Batting: RHB Brant Thigpen 0-0: Called Strike
0-1: Ball
1-1: Ball
2-1: Called Strike
2-2: Ball
3-2: Strikes out swinging
Ben Boston steals 2nd base
Batter strikes out.
Batting: RHB Bruno Williams 0-0: Ball
1-0: Fly out, F9 (Line Drive, 9, EV 88.1 MPH)
Top of the 1st over - 0 runs, 1 hit, 0 errors, 1 left on base; Panama City 0 - Montana 0
BOTTOM OF THE 1ST
Montana Pandas batting - Pitching for Panama City Piranhas : RHP José Marín
Pitching: RHP José Marín
Batting: LHB José Valéncia 0-0: Ball
1-0: Swinging Strike
1-1: Reached on error, E8 (Flyball, 8RD, EV 84.4 MPH)
Batting: LHB DeMarvion Overshown 0-0: Ball
1-0: Foul Ball, location: 2F
1-1: Foul Ball, location: 2F
1-2: SINGLE (Groundball, 4D, EV 98.1 MPH)
José Valéncia to third
Batting: SHB Melito Báez 0-0: 3-RUN HOME RUN (Flyball, 78XD, EV 111.9 MPH), Distance : 382 ft
Batting: LHB Jin-yong Myung 0-0: Fly out, F9 (Flyball, 89M, EV 78.8 MPH)
Batting: LHB Pedro Gutiérrez 0-0: Fly out, F8 (Flyball, 8RM, EV 76.9 MPH)
Batting: RHB Raúl Ruíz 0-0: Called Strike
0-1: Ball
1-1: SINGLE (Flyball, 89M, EV 96.2 MPH)
Batting: RHB Pau Arria 0-0: Fly out, F7 (Flyball, 7, EV 93.1 MPH)
Bottom of the 1st over - 3 runs, 3 hits, 1 error, 1 left on base; Panama City 0 - Montana 3
TOP OF THE 2ND
Panama City Piranhas batting - Pitching for Montana Pandas : LHP Gerald Orlebar
Batting: RHB Craig Tricket 0-0: Called Strike
0-1: Ball
1-1: Ball
2-1: Ground out 5-3 (Groundball, 5L, EV 80.0 MPH)
Batting: RHB Arnie Taylor 0-0: Swinging Strike
0-1: Foul Ball, location: 2F
0-2: Ball
1-2: Fly out, F8 (Flyball, 89D, EV 107.5 MPH)
Batting: RHB Silvio Bonauiti 0-0: Swinging Strike
0-1: Ball
1-1: Called Strike
1-2: Ground out 1-3 (Groundball, 13, EV 85.6 MPH)
Top of the 2nd over - 0 runs, 0 hits, 0 errors, 0 left on base; Panama City 0 - Montana 3
BOTTOM OF THE 2ND
Montana Pandas batting - Pitching for Panama City Piranhas : RHP José Marín
Batting: RHB Qi-chao Di 0-0: Ball
1-0: Ball
2-0: Foul Ball, location: 2F
2-1: Swinging Strike
2-2: Ball
3-2: SINGLE (Groundball, 6D, EV 96.9 MPH)
Batting: RHB Dewey Nauss 0-0: Called Strike
0-1: Foul Ball, location: 2F
0-2: Fly out, F7 (Flyball, 7S, EV 82.5 MPH)
Batting: LHB José Valéncia 0-0: Swinging Strike
0-1: Ball
1-1: Foul Ball, location: 2F
1-2: Foul Ball, location: 2F
1-2: Ball
2-2: Fielders Choice at 2nd, 4-6 (Groundball, 4, EV 90.0 MPH)
Batting: LHB DeMarvion Overshown 0-0: Called Strike
0-1: Called Strike
0-2: Foul Ball, location: 2F
0-2: Ball
1-2: Strikes out swinging
Bottom of the 2nd over - 0 runs, 1 hit, 0 errors, 1 left on base; Panama City 0 - Montana 3
TOP OF THE 3RD
Panama City Piranhas batting - Pitching for Montana Pandas : LHP Gerald Orlebar
Batting: RHB Quindarious Monday 0-0: Called Strike
0-1: Ball
1-1: Swinging Strike
1-2: Strikes out looking
Batting: RHB António Mendoza 0-0: Foul Ball, location: 2F
0-1: SINGLE (Groundball, 25, EV 73.1 MPH) (infield hit)
Batting: RHB David Austin 0-0: Ball
1-0: Ball
2-0: Foul Ball, location: 2F
2-1: Ball
3-1: Called Strike
3-2: Fielders Choice at 2nd, 6-4 (Groundball, 6, EV 83.1 MPH)
Batting: SHB Ben Boston 0-0: Ball
1-0: Swinging Strike
1-1: Ball
2-1: Called Strike
2-2: Strikes out swinging
Top of the 3rd over - 0 runs, 1 hit, 0 errors, 1 left on base; Panama City 0 - Montana 3
BOTTOM OF THE 3RD
Montana Pandas batting - Pitching for Panama City Piranhas : RHP José Marín
Batting: SHB Melito Báez 0-0: Ball
1-0: Ball
2-0: Ball
3-0: Base on Balls
Batting: LHB Jin-yong Myung 0-0: Swinging Strike
0-1: Ball
1-1: Foul Ball, location: 2F
1-2: Grounds into double play, 4-6-3 (Groundball, 4, EV 80.0 MPH)
Batting: LHB Pedro Gutiérrez 0-0: Called Strike
0-1: Ball
1-1: Swinging Strike
1-2: Foul Ball, location: 2F
1-2: Ball
2-2: Foul Ball, location: 2F
2-2: SOLO HOME RUN (Flyball, 89XD, EV 105.6 MPH), Distance : 382 ft
Batting: RHB Raúl Ruíz 0-0: Ball
1-0: Called Strike
1-1: Foul Ball, location: 2F
1-2: Ball
2-2: Ball
3-2: Ground out 5-3 (Groundball, 56S, EV 86.2 MPH)
Bottom of the 3rd over - 1 run, 1 hit, 0 errors, 0 left on base; Panama City 0 - Montana 4
TOP OF THE 4TH
Panama City Piranhas batting - Pitching for Montana Pandas : LHP Gerald Orlebar
Batting: RHB Brant Thigpen 0-0: Called Strike
0-1: Ball
1-1: Foul Ball, location: 2F
1-2: Ball
2-2: Ground out 3-1 (Groundball, 34S, EV 91.9 MPH)
Batting: RHB Bruno Williams 0-0: Ground out 6-3 (Groundball, 6, EV 87.5 MPH)
Batting: RHB Craig Tricket 0-0: Called Strike
0-1: Ball
1-1: SINGLE (Groundball, 6D, EV 107.5 MPH)
Batting: RHB Arnie Taylor Pickoff Throw to First - Out! 1-3
Top of the 4th over - 0 runs, 1 hit, 0 errors, 0 left on base; Panama City 0 - Montana 4
BOTTOM OF THE 4TH
Montana Pandas batting - Pitching for Panama City Piranhas : RHP José Marín
Batting: RHB Pau Arria 0-0: Ball
1-0: Fly out, F7 (Line Drive, 7, EV 84.4 MPH)
Batting: RHB Qi-chao Di 0-0: Ball
1-0: Foul Ball, location: 2F
1-1: SINGLE (Groundball, 56D, EV 110.0 MPH)
Batting: RHB Dewey Nauss 0-0: Foul Ball, location: 2F
0-1: Ball
1-1: Foul Ball, location: 2F
1-2: Fly out, F8 (Flyball, 8RM, EV 89.4 MPH)
Batting: LHB José Valéncia 0-0: Called Strike
0-1: Ball
Wild Pitch!
Qi-chao Di to second
1-1: Ball
2-1: Ground out U3 (Groundball, 34D, EV 105.0 MPH)
Bottom of the 4th over - 0 runs, 1 hit, 0 errors, 1 left on base; Panama City 0 - Montana 4
TOP OF THE 5TH
Panama City Piranhas batting - Pitching for Montana Pandas : LHP Gerald Orlebar
Batting: RHB Arnie Taylor 0-0: Ball
1-0: Swinging Strike
1-1: Called Strike
1-2: Ball
2-2: Ball
3-2: Strikes out swinging
Batting: RHB Silvio Bonauiti 0-0: Ball
1-0: Called Strike
1-1: Foul Ball, location: 2F
1-2: Ball
2-2: Ball
3-2: SINGLE (Groundball, 5D, EV 111.9 MPH)
Batting: RHB Quindarious Monday 0-0: Swinging Strike
0-1: Ball
1-1: Ball
2-1: Ball
3-1: Reached on error, E4 (Groundball, 4, EV 80.6 MPH)
Silvio Bonauiti to second
Batting: RHB António Mendoza 0-0: Foul Ball, location: 2F
0-1: Foul Ball, location: 2F
0-2: Ball
1-2: SINGLE (Groundball, 4MD, EV 98.8 MPH)
Silvio Bonauiti to third
Quindarious Monday to second
Runner from 3rd tries for Home, SAFE, throw by CF to home
Batting: RHB David Austin 0-0: Ball
1-0: Foul Ball, location: 2F
1-1: Ball
2-1: Ball
3-1: Hit by Pitch
Quindarious Monday to third
António Mendoza to second
Batting: SHB Ben Boston 0-0: Ball
1-0: Foul Ball, location: 2F
1-1: Ball
2-1: Foul Ball, location: 2F
2-2: Ball
3-2: Base on Balls
Quindarious Monday scores
António Mendoza to third
David Austin to second
Pitching: RHP Domingo Velasco
Batting: RHB Brant Thigpen 0-0: Called Strike
0-1: Foul Ball, location: 2F
0-2: Grounds into double play, 4-6-3 (Groundball, 4, EV 90.6 MPH)
Top of the 5th over - 2 runs, 2 hits, 1 error, 2 left on base; Panama City 2 - Montana 4
BOTTOM OF THE 5TH
Montana Pandas batting - Pitching for Panama City Piranhas : RHP José Marín
Batting: LHB DeMarvion Overshown 0-0: Called Strike
0-1: Ball
1-1: Ball
2-1: Ground out 4-3 (Groundball, 4, EV 86.9 MPH)
Batting: SHB Melito Báez 0-0: Ball
1-0: Called Strike
1-1: Ball
2-1: Ball
3-1: Fly out, F7 (Flyball, 7D, EV 106.2 MPH)
Batting: LHB Jin-yong Myung 0-0: Called Strike
0-1: Ball
1-1: Ball
2-1: SINGLE (Groundball, 34D, EV 96.9 MPH)
Batting: LHB Pedro Gutiérrez 0-0: Ground out U3 (Groundball, 3S, EV 77.5 MPH)
Bottom of the 5th over - 0 runs, 1 hit, 0 errors, 1 left on base; Panama City 2 - Montana 4
TOP OF THE 6TH
Panama City Piranhas batting - Pitching for Montana Pandas : RHP Domingo Velasco
Batting: RHB Bruno Williams 0-0: Called Strike
0-1: Ball
1-1: SINGLE (Line Drive, 9S, EV 98.1 MPH)
Batting: RHB Craig Tricket 0-0: Called Strike
0-1: Grounds into double play, 6-4-3 (Groundball, 6, EV 101.9 MPH)
Batting: RHB Arnie Taylor 0-0: Ball
1-0: Ground out 6-3 (Groundball, 6, EV 103.1 MPH)
Top of the 6th over - 0 runs, 1 hit, 0 errors, 0 left on base; Panama City 2 - Montana 4
BOTTOM OF THE 6TH
Montana Pandas batting - Pitching for Panama City Piranhas : RHP José Marín
Batting: RHB Raúl Ruíz 0-0: Ball
1-0: Ball
2-0: Swinging Strike
2-1: Ball
3-1: Foul Ball, location: 2F
3-2: Fly out, F9 (Flyball, 89S, EV 90.0 MPH)
Batting: RHB Pau Arria 0-0: Ball
1-0: Ball
2-0: SINGLE (Groundball, 6MD, EV 105.0 MPH)
Batting: RHB Qi-chao Di 0-0: Foul Ball, location: 2F
0-1: Ground out 5-3 (Groundball, 56S, EV 90.0 MPH)
Pau Arria to second
Batting: RHB Dewey Nauss 0-0: Ball
1-0: Ball
2-0: Called Strike
2-1: Ball
3-1: Base on Balls
Batting: LHB José Valéncia 0-0: Ball
1-0: Ball
2-0: Fly out, F9 (Flyball, 9, EV 83.1 MPH)
Bottom of the 6th over - 0 runs, 1 hit, 0 errors, 2 left on base; Panama City 2 - Montana 4
TOP OF THE 7TH
Panama City Piranhas batting - Pitching for Montana Pandas : RHP Domingo Velasco
Batting: RHB Silvio Bonauiti 0-0: Ball
1-0: Called Strike
1-1: Foul Ball, location: 2F
1-2: Foul Ball, location: 2F
1-2: Foul Ball, location: 2F
1-2: Ball
2-2: Ball
3-2: Ground out 4-3 (Groundball, 4, EV 89.4 MPH)
Batting: RHB Quindarious Monday 0-0: Foul Ball, location: 2F
0-1: Ball
1-1: SINGLE (Groundball, 6D, EV 103.1 MPH)
Batting: RHB António Mendoza 0-0: Called Strike
0-1: Swinging Strike
0-2: Ball
1-2: Ball
2-2: Ball
3-2: Foul Ball, location: 2F
3-2: SINGLE (Line Drive, 6M, EV 94.4 MPH)
Quindarious Monday to second
Pinch Hitting: LHB Nathan Tanner 0-0: Ball
1-0: Ball
2-0: Called Strike
2-1: Ball
3-1: Foul Ball, location: 2F
3-2: Fly out, F8 (Flyball, 8LM, EV 85.6 MPH)
Batting: SHB Ben Boston 0-0: Ball
1-0: Ground out 4-3 (Groundball, 4, EV 92.5 MPH)
Top of the 7th over - 0 runs, 2 hits, 0 errors, 2 left on base; Panama City 2 - Montana 4
BOTTOM OF THE 7TH
Montana Pandas batting - Pitching for Panama City Piranhas : RHP José Marín
Pitching: RHP Orynn Veillon
Now at 2B: Chrysler Rodriguez
Batting: LHB DeMarvion Overshown 0-0: Called Strike
0-1: Swinging Strike
0-2: Ball
1-2: Strikes out swinging
Batting: SHB Melito Báez 0-0: Ball
1-0: Ball
2-0: Called Strike
2-1: Fly out, F7 (Flyball, 7LS, EV 95.0 MPH)
Batting: LHB Jin-yong Myung 0-0: Foul Ball, location: 2F
0-1: SOLO HOME RUN (Line Drive, 89XD, EV 102.5 MPH), Distance : 385 ft
Batting: LHB Pedro Gutiérrez 0-0: Ball
1-0: Ball
2-0: Swinging Strike
2-1: Swinging Strike
2-2: Ground out 5-3 (Groundball, 56, EV 106.9 MPH)
Bottom of the 7th over - 1 run, 1 hit, 0 errors, 0 left on base; Panama City 2 - Montana 5
TOP OF THE 8TH
Panama City Piranhas batting - Pitching for Montana Pandas : RHP Domingo Velasco
Batting: RHB Brant Thigpen 0-0: Ball
1-0: Ball
2-0: SINGLE (Line Drive, 89S, EV 97.5 MPH)
Batting: RHB Bruno Williams 0-0: Ball
1-0: Foul Ball, location: 2F
1-1: Ball
2-1: Called Strike
2-2: Strikes out swinging
Batting: RHB Craig Tricket 0-0: Ball
1-0: Ball
2-0: SINGLE (Groundball, 56D, EV 108.8 MPH)
Brant Thigpen to second
Batting: RHB Arnie Taylor 0-0: Ball
1-0: Called Strike
1-1: Fielders Choice at 2nd, 6-4 (Groundball, 6D, EV 83.1 MPH)
Brant Thigpen to third
Batting: RHB Silvio Bonauiti 0-0: Foul Ball, location: 2F
0-1: Ball
1-1: Foul Ball, location: 2F
1-2: Foul Ball, location: 2F
1-2: Ball
2-2: Ball
3-2: SINGLE (Groundball, 4MD, EV 106.9 MPH)
Brant Thigpen scores
Arnie Taylor to second
Arnie Taylor to third
Pitching: RHP Rick Converse
Now in LF: Alfredo Pizarro
Batting: RHB Quindarious Monday 0-0: Fly out, F9 (Flyball, 89D, EV 105.6 MPH)
Top of the 8th over - 1 run, 3 hits, 0 errors, 2 left on base; Panama City 3 - Montana 5
BOTTOM OF THE 8TH
Montana Pandas batting - Pitching for Panama City Piranhas : RHP Orynn Veillon
Batting: RHB Raúl Ruíz 0-0: Ball
1-0: Ball
2-0: Ball
3-0: Fly out, F8 (Flyball, 8RD, EV 98.1 MPH)
Batting: RHB Pau Arria 0-0: Called Strike
0-1: Swinging Strike
0-2: Foul Ball, location: 2F
0-2: Strikes out swinging
Batting: RHB Qi-chao Di 0-0: Foul Ball, location: 2F
0-1: SINGLE (Line Drive, 7LS, EV 108.1 MPH)
Batting: RHB Dewey Nauss 0-0: Called Strike
0-1: Foul Ball, location: 2F
0-2: Ball
1-2: Strikes out swinging
Bottom of the 8th over - 0 runs, 1 hit, 0 errors, 1 left on base; Panama City 3 - Montana 5
TOP OF THE 9TH
Panama City Piranhas batting - Pitching for Montana Pandas : RHP Rick Converse
Pitching: RHP Francisco García
Batting: RHB António Mendoza 0-0: Called Strike
0-1: Ball
1-1: Ball
2-1: Foul Ball, location: 2F
2-2: Ball
3-2: Base on Balls
Pinch Hitting: SHB Tom Dickinson 0-0: Ball
1-0: Ball
2-0: Ball
3-0: Called Strike
3-1: Base on Balls
António Mendoza to second
Batting: SHB Ben Boston 0-0: Bunted foul
0-1: Sac Bunt to 2L - play at third, runner safe!
Tom Dickinson to second
Pinch Hitting: LHB King Rutledge 0-0: Called Strike
0-1: Ball
1-1: SINGLE (Line Drive, 34, EV 103.8 MPH)
António Mendoza scores
Tom Dickinson to third
Ben Boston to second
Batting: RHB Bruno Williams 0-0: Foul Ball, location: 2F
0-1: Called Strike
0-2: Ball
1-2: Foul Ball, location: 2F
1-2: Ball
2-2: Ball
3-2: Foul Ball, location: 2F
3-2: GRAND SLAM HOME RUN (Flyball, 7LD, EV 94.4 MPH), Distance : 340 ft
Pitching: RHP António Rodríguez
Batting: RHB Craig Tricket 0-0: Called Strike
0-1: Ball
1-1: SINGLE (Line Drive, 89M, EV 108.1 MPH)
Batting: RHB Arnie Taylor 0-0: Bunted foul
0-1: Bunt missed!
0-2: Ball
1-2: Fielders Choice at 2nd, 6-4 (Groundball, 6MS, EV 92.5 MPH)
Batting: RHB Silvio Bonauiti 0-0: Called Strike
0-1: Ball
1-1: Ball
2-1: Foul Ball, location: 2F
2-2: Fly out, F8 (Line Drive, 8RM, EV 109.4 MPH)
Batting: RHB Quindarious Monday 0-0: Ball
1-0: Ball
2-0: Foul Ball, location: 2F
2-1: Foul Ball, location: 2F
2-2: Ball
3-2: SINGLE (Line Drive, 6D, EV 98.1 MPH)
Arnie Taylor to second
Arnie Taylor to third
Batting: RHB António Mendoza 0-0: 3-RUN HOME RUN (Flyball, 78XD, EV 108.8 MPH), Distance : 408 ft
Batting: SHB Tom Dickinson 0-0: Swinging Strike
0-1: Ball
1-1: Ground out 5-3 (Groundball, 5L, EV 90.6 MPH)
Top of the 9th over - 8 runs, 5 hits, 0 errors, 0 left on base; Panama City 11 - Montana 5
BOTTOM OF THE 9TH
Montana Pandas batting - Pitching for Panama City Piranhas : RHP Orynn Veillon
Now at C: Tom Dickinson
Now at 2B: King Rutledge
Batting: LHB José Valéncia 0-0: DOUBLE (Line Drive, 9LS, EV 110.6 MPH)
Batting: LHB DeMarvion Overshown 0-0: Foul Ball, location: 2F
0-1: Fly out, F9 (Flyball, 9LD, EV 100.6 MPH)
Runner from 2nd tags up, SAFE at 3rd, no throw by RF
Batting: SHB Melito Báez 0-0: Called Strike
0-1: Ball
1-1: SINGLE (Groundball, 6MD, EV 100.6 MPH)
José Valéncia scores
Pitching: LHP Awad Mahmudnizhad
Batting: RHB Alfredo Pizarro 0-0: Foul Ball, location: 2F
0-1: Swinging Strike
0-2: Fielders Choice at 2nd, 6-4 (Groundball, 6, EV 85.6 MPH)
Batting: LHB Pedro Gutiérrez 0-0: Ball
Wild Pitch!
Alfredo Pizarro to second
1-0: Fly out, F8 (Flyball, 8RS, EV 87.5 MPH)
Bottom of the 9th over - 1 run, 2 hits, 0 errors, 1 left on base; Panama City 11 - Montana 6
Friday, April 17th, 2020 - OOTP Baseball 20.8 Build 74